 Dungeon Crawl Stone Soup version 0.17-a0-2158-g6d76252 (webtiles) character file.

102 Hedron the Insei (level 4, -1/31 HPs)
             Began as an Octopode Monk on Oct 25, 2015.
             Slain by a goblin (3 damage)
             ... on level 3 of the Dungeon.
             The game lasted 00:04:58 (2039 turns).

Hedron the Insei (Octopode Monk)                    Turns: 2039, Time: 00:04:59

Health: -1/31      AC:  1    Str: 11    XL:     4   Next: 78%
Magic:  4/4        EV: 13    Int: 12    God:
Gold:   101        SH:  0    Dex: 14    Spells: 2 memorised, 0 levels left

rFire  . . .     SeeInvis .       - Unarmed
rCold  . . .     Clarity  .     (no shield)
rNeg   . . .     SustAt   .     (helmet restricted)
rPois  .         Gourm    .     (no amulet)
rElec  .         Spirit   .     (no ring)
rCorr  .         Warding  .     (no ring)
rMut   .         Stasis   .     (no ring)
MR     .....                    (no ring)
Stlth  +++.......               (no ring)
                                (no ring)
                                (no ring)
                                (no ring)

@: not resistant to hostile enchantments, fairly stealthy
A: almost no armour, amphibious, 8 rings, constrict 8, camouflage 1, gelatinous
body 1
a: no special abilities


You were on level 3 of the Dungeon.
You were hungry.

You visited 1 branch of the dungeon, and saw 3 of its levels.

You collected 101 gold pieces.

Inventory:

Wands
 o - a wand of slowing (48)
Potions
 c - 3 potions of curing
 e - 2 potions of flight
 i - a potion of invisibility {unknown}
 j - a potion of might {unknown}
 q - a potion of degeneration {unknown}
Comestibles
 a - 2 bread rations
 b - a meat ration
 d - 2 chunks of flesh
 f - a slice of pizza
 k - 2 fruits


   Skills:
 - Level 3.0 Fighting
 - Level 3.0 Dodging
 - Level 2.6 Stealth
 + Level 6.0 Unarmed Combat


You couldn't memorise any spells.
You knew the following spells:

 Your Spells              Type           Power        Failure   Level  Hunger
a - Apportation           Tloc           #.........   34%         1    ##.....
b - Blink                 Tloc           N/A          52%         2    ###....


Dungeon Overview and Level Annotations

Branches:
Dungeon (3/15)

Altars:
Dithmenos


Innate Abilities, Weirdness & Mutations

You cannot wear most types of armour.
You are amphibious.
You can wear up to eight rings at the same time.
You can use your tentacles to constrict eight enemies at once.
Your skin changes colour to match your surroundings (Stealth).
Your rubbery body absorbs attacks (AC +1).


Message History

The goblin closely misses you.
You tentacle-slap the hobgoblin. You grab the hobgoblin.
You squeeze the hobgoblin.
You kill the hobgoblin!
Your Unarmed Combat skill increases to level 6!
You bludgeon the goblin!
You kill the goblin!
You barely miss the goblin. You grab the goblin. You constrict the goblin.
The goblin barely misses you.
You bludgeon the goblin!
You kill the goblin!
The goblin wields an uncursed hunting sling.
The goblin shoots a stone.
The stone hits you.
* * * LOW HITPOINT WARNING * * *
The goblin closely misses you.
Things that are here:
a club; a goblin corpse You closely miss the goblin.
You grab the goblin. You constrict the goblin. The goblin hits you.
You die...

#..######.# ####
#..# ..###..##
#(#.....#
#.#.#...#
#.......#
##...#.#.#
#.####.)......#
#...(@g(....#.#
#####8g....8#...
#.......#.###
#8.....8#.#
#.......#.#
#8.....8#
#.......#
#8.....8#


You could see 2 goblins.

Vanquished Creatures
  Jessica (D:2)
  2 oozes
  An orc (D:3)
  A ball python (D:1)
  5 giant cockroaches
  8 goblins
  8 hobgoblins
  3 jackals (D:1)
  9 kobolds
  2 quokkas (D:2)
  8 bats
  2 giant geckos
  2 giant newts (D:2)
  13 rats
65 creatures vanquished.

Notes
Turn   | Place    | Note
--------------------------------------------------------------
     0 | D:1      | Hedron the Octopode Monk began the quest for the Orb.
     0 | D:1      | Reached XP level 1. HP: 16/16 MP: 1/1
   293 | D:1      | Reached XP level 2. HP: 18/21 MP: 2/2
   604 | D:1      | Reached XP level 3. HP: 26/26 MP: 3/3
   621 | D:1      | Reached skill level 5 in Unarmed Combat
  1130 | D:2      | Noticed Jessica
  1139 | D:2      | Killed Jessica
  1139 | D:2      | Reached XP level 4. HP: 25/31 MP: 4/4
  1385 | D:2      | Found a shadowy altar of Dithmenos.
  1666 | D:2      | Learned a level 1 spell: Apportation
  1669 | D:2      | Learned a level 2 spell: Blink
  2034 | D:3      | Reached skill level 6 in Unarmed Combat
  2039 | D:3      | Slain by a goblin

Vault maps used:
D:1:      mrwooster_arrival_arrow, dk_noncrumbling_2, minmay_misc_feat_chi,
          serial_bayou_pond_a
D:2:      forest_paths, grunt_dithmenos_smoke_and_mirrors,
          kennysheep_minor_cross, uniq_jessica
D:3:      kennysheep_the_goblin_king, kennysheep_generic_room_6,
          uniq_crazy_yiuf_cottage, uniq_robin, uniq_natasha

Action                   |  1- 3 |  4- 6 || total
-------------------------+-------+-------++-------
Melee: Unarmed           |    67 |    60 ||   127
  Use: Scroll            |     1 |     7 ||     8
 Stab: Sleeping          |     7 |    10 ||    17
  Eat: Chunk             |       |     3 ||     3
